 Dungeon Crawl Stone Soup version 0.19.1 (webtiles) character file.

1572 kae the Insei (level 8, -7/64 HPs)
             Began as a Demonspawn Monk on Dec 17, 2016.
             Was an Elder of Okawaru.
             Mangled by an orc warrior
             ... wielding a +0 flail
              (12 damage)
             ... on level 7 of the Dungeon.
             The game lasted 00:09:12 (7611 turns).

kae the Insei (Demonspawn Monk)                     Turns: 7611, Time: 00:09:12

Health: -7/64      AC: 12    Str: 12    XL:     8   Next: 59%
Magic:  11/11      EV: 14    Int: 12    God:    Okawaru [****..]
Gold:   425        SH:  0    Dex: 17    Spells: 0 memorised, 7 levels left

rFire  . . .     SeeInvis .     e - +1 rapier
rCold  . . .     Gourm    .     a - +0 robe
rNeg   . . .     Faith    .     (no shield)
rPois  .         Spirit   .     (helmet restricted)
rElec  .         Reflect  .     u - +0 cloak
rCorr  .         Harm     .     (no gloves)
MR     .....                    (no boots)
Stlth  ++........               o - amulet of rage
                                (no ring)
                                (no ring)

@: sanguine armour, heavily drained
A: horns 2, spiny 1, sanguine armour 2
a: Heroism, Renounce Religion, Evoke Berserk Rage


You were on level 7 of the Dungeon.
You worshipped Okawaru.
Okawaru was greatly pleased with you.
You were very hungry.

You visited 2 branches of the dungeon, and saw 8 of its levels.
You also visited: Ossuary.

You collected 425 gold pieces.

Inventory:

Hand Weapons
 d - a +0 dagger
 e - a +1 rapier (weapon)
Armour
 a - a +0 robe (worn)
 u - a +0 cloak (worn)
Jewellery
 j - an uncursed amulet of harm
 o - an amulet of rage (around neck)
Wands
 w - a wand of flame (5/48)
Scrolls
 b - a scroll of torment
 h - 5 scrolls of fog
 m - 5 scrolls of teleportation
Potions
 i - a potion of invisibility
 k - 5 potions of heal wounds
 l - 5 potions of curing
 n - a potion of lignification
 p - a potion of berserk rage
 q - 2 potions of brilliance
 r - a potion of agility
 s - 2 potions of resistance
Comestibles
 c - 3 bread rations
 f - 2 meat rations
 g - 3 beef jerkies
 t - 5 fruits


   Skills:
 + Level 6.0(4.0) Fighting
 + Level 5.3(3.4) Dodging
 - Level 1.7(0.0) Stealth
 * Level 7.1(5.1) Unarmed Combat
 + Level 4.2(2.4) Invocations


You had 7 spell levels left.
You didn't know any spells.

Dungeon Overview and Level Annotations

Branches:
Dungeon (7/15)             Temple (1/1) D:4

Altars:
Ashenzari
Cheibriados
Elyvilon
Fedhas
Gozag
Kikubaaqudgha
Makhleb
Nemelex Xobeh
Okawaru
Qazlal
Sif Muna
Trog
Uskayaw
Yredelemnul
Zin
The Shining One


Innate Abilities, Weirdness & Mutations

You have a pair of horns on your head.
You are partially covered in sharp spines.
When seriously injured, your bleeding wounds create thick armour. (AC +9)


Message History

You puncture the orc warrior!
You headbutt the orc warrior, but do no damage.
The orc warrior is heavily wounded.
The orc warrior misses you.
You hit the orc warrior. Your headbutt misses the orc warrior.
The orc warrior is severely wounded.
The orc warrior hits you with a flail!
* * * LOW HITPOINT WARNING * * *
You barely miss the orc warrior.
The orc warrior is severely wounded.
The orc warrior is struck by your spines.
The orc warrior barely misses you.
You hit the orc warrior. You headbutt the orc warrior.
The orc warrior is almost dead.
The orc warrior hits you with a flail!
* * * LOW HITPOINT WARNING * * *
You barely miss the orc warrior.
The orc warrior is almost dead.
The orc warrior hits you with a flail!
You die...

..#.# #.#.# #..###
##....###.#.# ##...#
...!... ..#.# ##..##
......o #.#.# #....#
^.......#o#.##.#..##
........(...#.###.#####
.............## ##....#
........#..##.###.#####
......#.#..###.#@.#
.....###.......o..#
......#.##.########
.>.##..# #.# ##.##.#
#.# #. #.


You could see an orc warrior.

Vanquished Creatures
  Duvessa (D:5)
  A black bear (D:6)
  An ogre (D:6)
  A sky beast (D:6)
  2 elf zombies (Ossuary)
  2 bullfrogs (D:6)
  A scorpion (D:4)
  Dowan (D:6)
  3 crimson imps
  A quasit (D:4)
  A human zombie (Ossuary)
  2 orc priests (D:4)
  A hound (D:4)
  2 orc wizards
  Crazy Yiuf (D:2)
  An iguana (D:4)
  5 worker ants
  4 mummies (Ossuary)
  2 hound zombies (Ossuary)
  A gnoll (D:5)
  12 adders
  2 oozes (D:6)
  An adder skeleton (D:5)
  A worm (D:3)
  3 dart slugs
  6 leopard geckos
  12 orcs
  5 giant cockroaches
  9 goblins
  14 hobgoblins
  7 jackals (D:6)
  7 quokkas
  2 ball pythons (D:2)
  9 bats
  8 frilled lizards
  A gnoll zombie (Ossuary)
  2 goblin zombies (Ossuary)
  13 kobolds
  2 leopard gecko skeletons
  An orc zombie (Ossuary)
  A quokka skeleton (D:6)
  9 rats
  3 rat zombies (Ossuary)
164 creatures vanquished.

Notes
Turn   | Place    | Note
-------+----------+-------------------------------------------
     0 | D:1      | kae the Demonspawn Monk began the quest for the Orb.
     0 | D:1      | Reached XP level 1. HP: 18/18 MP: 1/1
   329 | D:1      | Gained mutation: You have a pair of small horns on your head. [demonic ancestry]
   329 | D:1      | Reached XP level 2. HP: 18/24 MP: 2/2
   610 | D:1      | Reached skill level 3 in Unarmed Combat
  1253 | D:2      | Gained mutation: When seriously injured, your bleeding wounds create armour. (AC +9) [demonic ancestry]
  1253 | D:2      | Reached XP level 3. HP: 29/29 MP: 3/3
  1281 | D:2      | Found a runed door.
  1775 | D:2      | Gained mutation: You are partially covered in sharp spines. [demonic ancestry]
  1775 | D:2      | Reached XP level 4. HP: 14/35 MP: 4/4
  2012 | D:2      | Found a faded altar of an unknown god.
  2411 | D:2      | Noticed Crazy Yiuf
  2424 | D:2      | Killed Crazy Yiuf
  2424 | D:2      | Reached skill level 4 in Unarmed Combat
  2559 | D:3      | Found a stormy altar of Qazlal.
  2732 | D:3      | Reached XP level 5. HP: 37/42 MP: 5/5
  3378 | D:4      | Found a blossoming altar of Fedhas.
  3447 | D:4      | Found a staircase to the Ecumenical Temple.
  3467 | D:3      | HP: 2/42 [poisoned by an adder]
  3475 | D:3      | HP: 2/42 [poisoned by an adder]
  3820 | D:4      | Gained mutation: You have a pair of horns on your head. [demonic ancestry]
  3820 | D:4      | Reached XP level 6. HP: 30/48 MP: 6/6
  3842 | Temple   | Entered the Ecumenical Temple
  3931 | Temple   | Became a worshipper of Warmaster Okawaru
  3931 | Temple   | Reached * piety under Okawaru
  3931 | Temple   | Reached ** piety under Okawaru
  3995 | D:4      | Reached skill level 5 in Unarmed Combat
  4473 | D:5      | Entered Level 5 of the Dungeon
  4571 | D:5      | Found a sand-covered staircase.
  4620 | Ossuary  | Entered an ossuary
  4659 | Ossuary  | Reached skill level 1 in Invocations
  4666 | Ossuary  | Gained mutation: When seriously injured, your bleeding wounds create thick armour. (AC +9) [demonic ancestry]
  4666 | Ossuary  | Reached XP level 7. HP: 32/55 MP: 6/8
  5462 | D:5      | Reached skill level 5 in Fighting
  5714 | D:5      | Reached skill level 6 in Unarmed Combat
  5718 | D:5      | Found an iron altar of Okawaru.
  6163 | D:6      | Reached *** piety under Okawaru
  6407 | D:6      | Reached XP level 8. HP: 50/63 MP: 10/10
  6485 | D:6      | Noticed Dowan
  6512 | D:6      | Noticed Duvessa
  6668 | D:6      | Killed Dowan
  6668 | D:6      | Reached skill level 5 in Dodging
  6673 | D:5      | Killed Duvessa
  7299 | D:6      | Reached **** piety under Okawaru
  7299 | D:6      | Reached skill level 7 in Unarmed Combat
  7611 | D:7      | Mangled by an orc warrior

Skill      XL: |  1  2  3  4  5  6  7  8 |
---------------+-------------------------+-----
Dodging        | 3 4 5 |  5.3
Unarmed Combat | 3 4 5 6 7 |  7.1
Fighting       | 4 5 6 |  6.0
Invocations    | 1 3 4 |  4.2
Stealth        | |  1.7

Action                   |  1- 3 |  4- 6 |  7- 9 || total
-------------------------+-------+-------+-------++-------
Melee: Unarmed           |    14 |       |       ||    14
       Dagger            |   133 |       |       ||   133
       Headbutt          |    19 |    19 |    39 ||    77
       Punch             |     2 |     3 |     3 ||     8
       Rapier            |    10 |   130 |   178 ||   318
Invok: Heroism           |       |     1 |       ||     1
  Use: Scroll            |     2 |     7 |     8 ||    17
       Potion            |     1 |     2 |       ||     3
 Stab: Sleeping          |     2 |     9 |     3 ||    14
       Distracted        |     2 |       |       ||     2
  Eat: Chunk             |     2 |     5 |     7 ||    14
       Bread ration      |       |     1 |       ||     1
       Fruit             |       |       |     2 ||     2
Armor: Robe              |    38 |    35 |    20 ||    93
       Skin              |       |    24 |    15 ||    39
Dodge: Dodged            |   100 |   122 |   112 ||   334
